Workbook

Sheet DEBUT

Sheet TAB 2R
B2: 1) | C2: COUT PLATEAU
B5: SPECTACLE | C5: xxxx
B6: LIEU | C6: xxx
B7: PERIODE | C7: x | E7: ANNEE | F7: 2018
B8: NB REP | C8: 2
C9: Dont SCO | D9: 2
C10: Dont TP
E13: J-X-voyage | F13: J-X- SI SERVICE | G13: J-1 | H13: J | I13: J+1 | J13: J+2 | K13: J+3 | L13: J+4 | M13: J+5 | N13: J+6 | O13: J+7
C14: DATES | E14: 43199 | G14: mar 10/04 | H14: mer 11/04/2018 | I14: jeu 12/04/2018 | J14: vend 13/04/2018 | K14: sam 14/04/2018
A15: MONTAGE | B15: 180 | C15: TEK | D15: RG /CH-DH DECOR | E15: VOYAGE (nb h) | F15: 1SERVICE | G15: =+A15 -> MONTAGE | H15: =+A18 -> 2REP+DEMONTAGE | M15: 0 | P15: Total brut/pers
A16: 1REP | B16: 180 | E16: 2 | R16: NB H
A17: 2REP | B17: 240 | C17: xx | D17: =100+90 -> 190 | E17: =$E$16*12 -> 24 | G17: =IF($G$15="MONTAGE",180,0) -> 180 | H17: =IF(H15="1rep",180,0)+IF(H15="2rep",220,0)+IF(H15="2rep+demontage",250,0)+IF(H15="1rep+démontage",180,0) -> 250 | I17: =IF(I15="1rep",180,0)+IF(I15="2rep",220,0)+IF(I15="2rep+demontage",250,0)+IF(I15="1rep+démontage",180,0) -> 0 | J17: =IF(J15="1rep",180,0)+IF(J15="2rep",220,0)+IF(J15="2rep+demontage",250,0)+IF(J15="1rep+démontage",180,0) -> 0 | K17: =IF(K15="1rep",180,0)+IF(K15="2rep",220,0)+IF(K15="2rep+demontage",250,0)+IF(K15="1rep+démontage",180,0) -> 0 | L17: =IF(L15="1rep",180,0)+IF(L15="2rep",220,0)+IF(L15="2rep+demontage",250,0)+IF(L15="1rep+démontage",180,0) -> 0 | M17: =IF(M15="1rep",180,0)+IF(M15="2rep",220,0)+IF(M15="2rep+demontage",250,0)+IF(M15="1rep+démontage",180,0) -> 0 | N17: =IF(N15="1rep",180,0)+IF(N15="2rep",220,0)+IF(N15="2rep+demontage",250,0)+IF(N15="1rep+démontage",180,0) -> 0 | O17: =IF(O15="1rep",180,0)+IF(O15="2rep",240,0)+IF(O15="2rep+demontage",270,0) -> 0 | P17: =SUM(D17:O17) -> 644 | Q17: BRIDIER | R17: =SUM(F20:N20) -> 24
A18: 2REP+DEMONTAGE | B18: 270 | C18: xx | E18: =$E$16*12 -> 24 | G18: =IF($G$15="montage",180,0) -> 180 | H18: =IF(H15="1rep",180,0)+IF(H15="2rep",220,0)+IF(H15="2rep+demontage",250,0)+IF(H16="1rep+démontage",180,0) -> 250 | I18: =IF(I15="1rep",180,0)+IF(I15="2rep",220,0)+IF(I15="2rep+demontage",250,0)+IF(I16="1rep+démontage",180,0) -> 0 | J18: =IF(J15="1rep",180,0)+IF(J15="2rep",220,0)+IF(J15="2rep+demontage",250,0)+IF(J16="1rep+démontage",180,0) -> 0 | K18: =IF(K15="1rep",180,0)+IF(K15="2rep",220,0)+IF(K15="2rep+demontage",250,0)+IF(K16="1rep+démontage",180,0) -> 0 | L18: =IF(L15="1rep",180,0)+IF(L15="2rep",220,0)+IF(L15="2rep+demontage",250,0)+IF(L16="1rep+démontage",180,0) -> 0 | M18: =IF(M15="1rep",180,0)+IF(M15="2rep",220,0)+IF(M15="2rep+demontage",250,0)+IF(M16="1rep+démontage",180,0) -> 0 | N18: =IF(N15="1rep",180,0)+IF(N15="2rep",220,0)+IF(N15="2rep+demontage",250,0)+IF(N16="1rep+démontage",180,0) -> 0 | O18: =IF(O15="1rep",180,0)+IF(O15="2rep",240,0)+IF(O15="2rep+demontage",270,0) -> 0 | P18: =SUM(D18:M18) -> 454 | Q18: GAILLARD | R18: =SUM(F21:N21) -> 24
A19: 1REP+DEMONTAGE | B19: 210 | C19: CHARGEMENT | D19: 180 | P19: =SUM(D19:M19) -> 180 | Q19: CHARGEMENT
G20: =IF(G17>1,12,0) -> 12 | H20: =IF(H17>1,12,0) -> 12 | I20: =IF(I17>1,12,0) -> 0 | J20: =IF(J17>1,12,0) -> 0 | K20: =IF(K17>1,12,0) -> 0 | L20: =IF(L17>1,12,0) -> 0 | M20: =IF(M17>1,12,0) -> 0 | N20: =IF(N17>1,12,0) -> 0 | O20: BRUT TECHNIK | P20: =SUM(P17:P19) -> 1278 | R20: =SUM(R17:R19) -> 48
G21: =IF(G18>1,12,0) -> 12 | H21: =IF(H18>1,12,0) -> 12 | I21: =IF(I18>1,12,0) -> 0 | J21: =IF(J18>1,12,0) -> 0 | K21: =IF(K18>1,12,0) -> 0 | L21: =IF(L18>1,12,0) -> 0 | M21: =IF(M18>1,12,0) -> 0 | N21: =IF(N18>1,12,0) -> 0 | O21: CHARGES P | P21: =+P17*0.67+P18*0.63+P19*0.63 -> 830.9
P22: =SUM(P20:P21) -> 2108.9
G24: J-1 | H24: J | I24: J+1 | J24: J+2 | K24: J+3 | L24: J+4 | M24: J+5 | N24: J+6 | O24: J+7
C25: DATES | F25: DATES | G25: =+G14 -> mar 10/04 | H25: =+H14 -> mer 11/04/2018 | I25: =+I14 -> jeu 12/04/2018 | J25: =+J14 -> vend 13/04/2018 | K25: =+K14 -> sam 14/04/2018 | L25: =+L14 -> 0 | M25: =+M14 -> 0 | N25: =+N14 -> 0 | O25: =+O14 -> 0
A26: RACCORD | B26: 60 | C26: ARTISTES | G26: raccord | H26: 2REP | M26: 0 | O26: 1 | P26: Total brut/pers
A27: RACCORD+1REP | B27: 190 | C27: xx | G27: =IF($G$26="raccord",60,0) -> 60 | H27: =IF(H26="raccord+1rep",190,0)+IF(H26="raccord+2rep",220)+IF(H26="1rep",180,0)+IF(H26="2rep",210) -> 210 | I27: =IF(I26="raccord+1rep",190,0)+IF(I26="raccord+2rep",220)+IF(I26="1rep",180,0)+IF(I26="2rep",210) -> 0 | J27: =IF(J26="raccord+1rep",190,0)+IF(J26="raccord+2rep",220)+IF(J26="1rep",180,0)+IF(J26="2rep",210) -> 0 | K27: =IF(K26="raccord+1rep",190,0)+IF(K26="raccord+2rep",220)+IF(K26="1rep",180,0)+IF(K26="2rep",210) -> 0 | L27: =IF(L26="raccord+1rep",190,0)+IF(L26="raccord+2rep",220)+IF(L26="1rep",180,0)+IF(L26="2rep",210) -> 0 | M27: =IF(M26="raccord+1rep",190,0)+IF(M26="raccord+2rep",220)+IF(M26="1rep",180,0)+IF(M26="2rep",210) -> 0 | O27: =IF(O26="raccord+1rep",190,0)+IF(O26="raccord+2rep",220)+IF(O26="1rep",180,0)+IF(O26="2rep",210) -> 0 | P27: =SUM(G27:O27) -> 270 | Q27: CASSIGNARD | R27: =SUM(G31:N31) -> 24
A28: RACCORD+2REP | B28: 220 | C28: xx | G28: =IF($G$26="raccord",60,0) -> 60 | H28: =IF(H26="raccord+1rep",190,0)+IF(H26="raccord+2rep",220)+IF(H26="1rep",180,0)+IF(H26="2rep",210) -> 210 | I28: =IF(I26="raccord+1rep",190,0)+IF(I26="raccord+2rep",220)+IF(I26="1rep",180,0)+IF(I26="2rep",210) -> 0 | J28: =IF(J26="raccord+1rep",190,0)+IF(J26="raccord+2rep",220)+IF(J26="1rep",180,0)+IF(J26="2rep",210) -> 0 | K28: =IF(K26="raccord+1rep",190,0)+IF(K26="raccord+2rep",220)+IF(K26="1rep",180,0)+IF(K26="2rep",210) -> 0 | L28: =IF(L26="raccord+1rep",190,0)+IF(L26="raccord+2rep",220)+IF(L26="1rep",180,0)+IF(L26="2rep",210) -> 0 | M28: =IF(M26="raccord+1rep",190,0)+IF(M26="raccord+2rep",220)+IF(M26="1rep",180,0)+IF(M26="2rep",210) -> 0 | O28: =IF(O26="raccord+1rep",190,0)+IF(O26="raccord+2rep",220)+IF(O26="1rep",180,0)+IF(O26="2rep",210) -> 0 | P28: =SUM(G28:O28) -> 270 | Q28: CARDIN | R28: =SUM(G32:N32) -> 24
A29: 1REP | B29: 180 | C29: xx | G29: =IF($G$26="raccord",60,0) -> 60 | H29: =IF(H26="raccord+1rep",190,0)+IF(H26="raccord+2rep",220)+IF(H26="1rep",180,0)+IF(H26="2rep",210) -> 210 | I29: =IF(I26="raccord+1rep",190,0)+IF(I26="raccord+2rep",220)+IF(I26="1rep",180,0)+IF(I26="2rep",210) -> 0 | J29: =IF(J26="raccord+1rep",190,0)+IF(J26="raccord+2rep",220)+IF(J26="1rep",180,0)+IF(J26="2rep",210) -> 0 | K29: =IF(K26="raccord+1rep",190,0)+IF(K26="raccord+2rep",220)+IF(K26="1rep",180,0)+IF(K26="2rep",210) -> 0 | L29: =IF(L26="raccord+1rep",190,0)+IF(L26="raccord+2rep",220)+IF(L26="1rep",180,0)+IF(L26="2rep",210) -> 0 | M29: =IF(M26="raccord+1rep",190,0)+IF(M26="raccord+2rep",220)+IF(M26="1rep",180,0)+IF(M26="2rep",210) -> 0 | O29: =IF(O26="raccord+1rep",190,0)+IF(O26="raccord+2rep",220)+IF(O26="1rep",180,0)+IF(O26="2rep",210) -> 0 | P29: =SUM(G29:O29) -> 270 | Q29: HEURTEBISE | R29: =SUM(G33:N33) -> 24
A30: 2REP | B30: 210 | R30: =SUM(G34:N34) -> 0
G31: =IF(G27>1,12,0) -> 12 | H31: =IF(H27>1,12,0) -> 12 | I31: =IF(I27>1,12,0) -> 0 | J31: =IF(J27>1,12,0) -> 0 | K31: =IF(K27>1,12,0) -> 0 | L31: =IF(L27>1,12,0) -> 0 | M31: =IF(M27>1,12,0) -> 0 | N31: =IF(N27>1,12,0) -> 0 | O31: TT BRUT ART | P31: =SUM(P27:P30) -> 810
G32: =IF(G28>1,12,0) -> 12 | H32: =IF(H28>1,12,0) -> 12 | I32: =IF(I28>1,12,0) -> 0 | J32: =IF(J28>1,12,0) -> 0 | K32: =IF(K28>1,12,0) -> 0 | L32: =IF(L28>1,12,0) -> 0 | M32: =IF(M28>1,12,0) -> 0 | N32: =IF(N28>1,12,0) -> 0 | O32: CHARGES P | P32: =+(P27+P28+P29)*0.46+P30*0.57 -> 372.6 | R32: =SUM(R27:R31) -> 72
G33: =IF(G29>1,12,0) -> 12 | H33: =IF(H29>1,12,0) -> 12 | I33: =IF(I29>1,12,0) -> 0 | J33: =IF(J29>1,12,0) -> 0 | K33: =IF(K29>1,12,0) -> 0 | L33: =IF(L29>1,12,0) -> 0 | M33: =IF(M29>1,12,0) -> 0 | N33: =IF(N29>1,12,0) -> 0 | P33: =SUM(P31:P32) -> 1182.6
G34: =IF(G30>1,12,0) -> 0 | H34: =IF(H30>1,12,0) -> 0 | I34: =IF(I30>1,12,0) -> 0 | J34: =IF(J30>1,12,0) -> 0 | K34: =IF(K30>1,12,0) -> 0 | L34: =IF(L30>1,12,0) -> 0 | M34: =IF(M30>1,12,0) -> 0 | N34: =IF(N30>1,12,0) -> 0
R35: =+R32+R20 -> 120
C36: SYNTHESE
C38: COUT PLATEAU | J38: =P20+P21+P31+P32 -> 3291.5 | K38: PRIX PAR REP
C39: MARGE 0,4 | D39: 0.4 | J39: =+J38*D39 -> 1316.6 | M39: annoncé à Jane : 750€ marge Cie sur 2 rep donc à enlever si cout plateau
C40: PRIX MARGE - 0,4 | J40: =J38+J39 -> 4608.1 | K40: =+J40/C8 -> 2304.05 | L40: =+D39 -> 0.4
C41: MARGE 0,3 | D41: 0.3 | J41: =+J38*D41 -> 987.45
C42: PRIX MARGE - 0,3 | J42: =+J41+J38 -> 4278.95 | K42: =+J42/C8 -> 2139.475 | L42: =+D41 -> 0.3
C43: PROPOSITON | J43: 3300 | K43: =+J43/C8 -> 1650 | L43: =+D44 -> 0.0025824092
C44: MARGE REEL | D44: =(+J43/J38)-1 -> 0.0025824092 | J44: =J43-J38 -> 8.5
B47: 2) | C47: TRANSPORTS
G49: TOTAUX
B50: LOCATION CAMIONS | C50: TARIF/J | D50: JOURS | E50: TOTAL | F50: MARGE TVA | G50: =SUM(F51:F51) -> 216
B51: CAMION 2 | C51: 60 | D51: 3 | E51: =C51*D51 -> 180 | F51: =E51*1.2 -> 216
B52: ESSENCE/PEAGE | C52: KM | D52: € IK | E52: PEAGE | G52: =SUM(E53:F53) -> 136
B53: CAMION 1 | C53: 400 | D53: 0.25 | E53: 18 | F53: =+C53*D53+E53 -> 118
B54: SNCF | C54: TRAJET 1 | D54: TRAJET 2 | E54: TRAJET 3 | F54: TRAJET 4 | G54: =SUM(C56:F59) -> 240
C55: BX TERRASSON
B56: xx | C56: 80
B57: x | C57: 80
B58: x
B59: x | C59: 80
B60: IK | C60: KM | D60: IK | E60: PEAGE | F60: TOTAL | G60: =SUM(F61:F63) -> 210
B61: x | C61: =250*2 -> 500 | D61: 0.3 | F61: =+C61*D61+E61 -> 150
B62: x | C62: 100 | D62: 0.3 | F62: =+C62*D62+E62 -> 30
B63: xx | C63: 100 | D63: 0.3 | F63: =+C63*D63+E63 -> 30
B64: TRANSORTS DECOR | G64: =+G50+G52 -> 352
B65: TRANSPORT EQUIPE | G65: =+G54+G60 -> 450
B67: 3) | C67: REPAS / NUITEES
B69: REPAS | M69: TOTAL PERS
C70: J-X-2 | D70: J-X- SI SERVICE | E70: J-1 | F70: J | G70: J+1 | H70: J+2 | I70: J+3 | J70: J+4 | K70: J+5 | L70: J+6
C71: =E15 -> VOYAGE (nb h) | D71: =F15 -> 1SERVICE | E71: =G15 -> MONTAGE | F71: =H15 -> 2REP+DEMONTAGE | G71: =I15 -> 0 | H71: =J15 -> 0 | I71: =K15 -> 0 | J71: =L15 -> 0 | K71: =M15 -> 0 | L71: =O15 -> 0
B72: DATES | C72: =+E14 -> 43199 | D72: =+F14 -> 0 | E72: =+G14 -> mar 10/04 | F72: =+H14 -> mer 11/04/2018 | G72: =+I14 -> jeu 12/04/2018 | H72: =+J14 -> vend 13/04/2018 | I72: =+K14 -> sam 14/04/2018 | J72: =+L14 -> 0 | K72: =+M14 -> 0 | L72: =+O14 -> 0
B74: x | C74: 1 | E74: 2 | F74: 2 | G74: 1 | M74: =SUM(C74:L74) -> 6
B75: x | C75: 1 | E75: 2 | F75: 2 | G75: 1 | M75: =SUM(C75:L75) -> 6
B76: x | E76: 1 | F76: 2 | M76: =SUM(C76:L76) -> 3
B77: x | E77: 1 | F77: 2 | M77: =SUM(C77:L77) -> 3
B78: x | E78: 1 | F78: 2 | M78: =SUM(C78:L78) -> 3
B79: x | E79: 1 | F79: 2 | M79: =SUM(C79:L79) -> 3
M80: =SUM(C80:L80) -> 0
M81: =SUM(C81:L81) -> 0
B82: TOTAL JOUR | C82: =SUM(C74:C81) -> 2 | D82: =SUM(D74:D81) -> 0 | E82: =SUM(E74:E81) -> 8 | F82: =SUM(F74:F81) -> 12 | G82: =SUM(G74:G81) -> 2 | H82: =SUM(H74:H81) -> 0 | I82: =SUM(I74:I81) -> 0 | J82: =SUM(J74:J81) -> 0 | ... L82: =SUM(L74:L81) -> 0
B83: TOTAL | L83: =SUM(L74:L81) -> 0 | M83: =SUM(M74:M81) -> 24 | N83: def CONV COLL | O83: 18.1
B84: NUITÉES
C85: =+C70 -> J-X-2 | D85: =+D70 -> J-X- SI SERVICE | E85: =+E70 -> J-1 | F85: =+F70 -> J | G85: =+G70 -> J+1 | H85: =+H70 -> J+2 | I85: =+I70 -> J+3 | J85: =+J70 -> J+4 | ... L85: =+L70 -> J+6 | M85: TOTAL PERS
C86: =C71 -> VOYAGE (nb h) | D86: =D71 -> 1SERVICE | E86: =E71 -> MONTAGE | F86: =F71 -> 2REP+DEMONTAGE | G86: =G71 -> 0 | H86: =H71 -> 0 | I86: =I71 -> 0 | J86: =J71 -> 0 | ... M86: =M71 -> 0
B87: DATES | C87: =+C72 -> 43199 | D87: =+D72 -> 0 | E87: =+E72 -> mar 10/04 | F87: =+F72 -> mer 11/04/2018 | G87: =+G72 -> jeu 12/04/2018 | H87: =+H72 -> vend 13/04/2018 | I87: =+I72 -> sam 14/04/2018 | J87: =+J72 -> 0 | ... L87: =+L72 -> 0
B88: x | C88: 1 | E88: 1 | F88: 1 | M88: =SUM(C88:L88) -> 3
B89: x | C89: 1 | E89: 1 | F89: 1 | M89: =SUM(C89:L89) -> 3
B90: x | M90: =SUM(C90:L90) -> 0
B91: x | E91: 1 | F91: 1 | M91: =SUM(C91:L91) -> 2
B92: x | E92: 1 | F92: 1 | M92: =SUM(C92:L92) -> 2
B93: PRID DIFF | E93: 1 | F93: 1 | M93: =SUM(C93:L93) -> 2
M94: =SUM(C94:L94) -> 0
L95: =SUM(C95:J95) -> 0 | M95: =SUM(C95:L95) -> 0
B96: TOTAL JOUR | C96: =SUM(C88:C95) -> 2 | D96: =SUM(D88:D95) -> 0 | E96: =SUM(E88:E95) -> 5 | F96: =SUM(F88:F95) -> 5 | G96: =SUM(G88:G95) -> 0 | H96: =SUM(H88:H95) -> 0 | I96: =SUM(I88:I95) -> 0 | J96: =SUM(J88:J95) -> 0 | ... L96: =SUM(L88:L95) -> 0
B97: TOTAL | L97: =SUM(L88:L96) -> 0 | M97: =SUM(M88:M96) -> 12
B104: Cession | D104: =+J43 -> 3300
B105: Transports décors | D105: =+G64 -> 352
B106: transport équipe | D106: =+G65 -> 450
B107: Défraiements repas | D107: =+L97 -> 0
B108: Défraiements repas - Prise en charge directe
B110: chambres singles | C110: =+'[1]TAB DEVIS TDN'!K200 -> #REF! | D110: =+M97 -> 12
B113: MASSE SALARIALE | D113: NB H | E113: PRODUITS | G113: MARGE | H113: TVA | I113: REP
B114: A
B115: ARTISTE | C115: =P31 -> 810 | D115: =+R32 -> 72 | E115: CESSION | F115: =J43 -> 3300 | G115: =J44 -> 8.5 | H115: =(F115+F116)*0.055 -> 237.556 | I115: SCOLAIRE | J115: =+D9 -> 2
B116: dont MES | C116: =P29 -> 270 | D116: =+R30 -> 0 | E116: ACTIVITE ANNEXES | F116: =G64+G65+(M97*O83) -> 1019.2 | G116: =D44 -> 0.0025824092 | I116: TT PUBLIC | J116: =+D10 -> 0
B117: TEK | C117: =P20 -> 1278 | D117: =+R20 -> 48 | E117: dont T.Décor | F117: =+G64 -> 352
B118: CHARGES P | C118: =P21+P32 -> 1203.5 | E118: dont T.équipe | F118: =+G65 -> 450
E119: dont Hébgmt | F119: =('[2]TAB DEVIS PDR TDN'!O191*65) -> #REF!
E120: dont repas | F120: =M97*O83 -> 217.2

Sheet DEVIS 2R
A5: Direction BETTY HEURTEBISE
A7: BORDEAUX, le | B7: 42835
A9: DEVIS - CESSION | C9: =+'TAB SN'!C5 -> x
A10: THEATRE | C10: x
A11: PERIODE | C11: =+'TAB SN'!C7 -> x
A12: NOMBRE DE REPRESENTATIONS | C12: =+'TAB 2R'!C8 -> 2
A14: Cession | C14: ='TAB 2R'!D104 -> 3300 | D14: HT
A15: Transports décors | C15: ='TAB 2R'!D105 -> 352 | D15: HT
A16: transport équipe | C16: ='TAB 2R'!D106 -> 450 | D16: HT
A17: Défraiements repas | B17: =+'TAB 2R'!M83 -> 24 | C17: =B17*18.1 -> 434.4 | D17: HT
A18: Défraiements repas - Prise en charge directe
A20: chambres singles | C20: =+'TAB 2R'!M97 -> 12
A22: TOTAL HT (hors nuitées) | C22: =C14+C15+C16+C17 -> 4536.4 | D22: HT
A23: TOTAL TTC (hors nuitées) - TVA 5,5% | C23: =C22*1.055 -> 4785.902 | D23: TTC
A27: Equipe composée de : | C27: 2 techniciens (lumières/vidéo, son, plateau)
C28: 2 comédiens
C29: 1 metteur en scène
C30: 1 chargé(e) de production / diffusion
A32: Arrivées : | C32: Techniciens et décors | D32: J-2 soir
C33: Comédiens et metteur en scène | D33: J-1 soir
C34: Chargé(e) de production / diffusion | D34: J
A36: Frais annexes calculés sur la base de la Convention collective nationale des entreprises artisitiques et culturelles.
A38: Devis établi selon le calendrier suiviant :
A40: J-1 | B40: Montage + Raccords
A41: J | B41: 1 solaire le matin + 1 scolaire l'après-midi
A44: Contact diffusion

Sheet DEVIS2R
A5: Direction BETTY HEURTEBISE
A7: BORDEAUX, le | B7: 43174
A9: DEVIS - CESSION | C9: =+'TAB SN'!C5 -> x
A10: THEATRE | C10: =+'TAB SN'!C6 -> x
A11: PERIODE | C11: =+'TAB SN'!C7 -> x
A12: NOMBRE DE REPRESENTATIONS | C12: =+'TAB SN'!C8 -> 6
A14: Cession | C14: =+'TAB SN'!D99 -> 0 | D14: HT
A15: Transports décors | C15: =+'TAB SN'!D100 -> 640 | D15: HT
A16: transport équipe | C16: =+'TAB SN'!D101 -> 330 | D16: HT
A17: Défraiements repas | B17: =+'TAB SN'!M83 -> 9 | C17: =+B17*18.1 -> 162.9 | D17: HT
A18: Défraiements repas - Prise en charge directe
A20: chambres singles | C20: =+'TAB SN'!M95 -> 21
A22: TOTAL HT (hors nuitées) | C22: =C14+C15+C16+C17 -> 1132.9 | D22: HT
A23: TOTAL TTC (hors nuitées) - TVA 5,5% | C23: =C22*1.055 -> 1195.2095 | D23: TTC
A27: Equipe composée de : | C27: 3 techniciens (lumières/vidéo, son, plateau)
C28: 2 comédiens
C29: 1 metteur en scène
C30: 1 chargé(e) de production / diffusion
A32: Arrivées : | C32: Techniciens et décors | D32: J-2 soir
C33: Comédiens et metteur en scène | D33: J-1 soir
C34: Chargé(e) de production / diffusion | D34: J
A36: Frais annexes calculés sur la base de la Convention collective nationale des entreprises artisitiques et culturelles.
A38: Devis établi selon le calendrier suiviant :
B39: Montage
B40: 1 scolaire + 1 TP
B41: 2 scolaires
A44: Contact diffusion | C44: CELINE VAUCENAT
C45: celine.vaucenat@lapetitefabrique.org
C46: tel : 06 31 43 85 56

Sheet TAB SN
B2: 1) | C2: COUT PLATEAU
B5: SPECTACLE | C5: x
B6: LIEU | C6: x
B7: PERIODE | C7: x | E7: annee | F7: 2019
B8: NB REP | C8: 6
C9: Dont SCO | D9: 5
C10: Dont TP | D10: 1
E13: J-3 | F13: J-2 | G13: J-1 | H13: J | I13: J+1 | J13: J+2 | K13: J+3 | L13: J+4 | M13: J+5 | N13: J+5 | O13: J+6
C14: DATES | G14: L 26/03/18 | H14: M 27/03/18 | I14: M 28/03/18 | J14: J 29/03/18 | K14: V 30/03/18
C15: JOUR
A16: MONTAGE | B16: 180 | C16: TEK | E16: RG /CH-DH DECOR | F16: VOYAGE (nb h) | G16: MONTAGE | H16: =+A17 -> 1REP | I16: 2REP | J16: 2REP | K16: 1REP+DÉMONTAGE | M16: 0 | P16: Total brut/pers
A17: 1REP | B17: 180 | E17: 4 | R17: NB H
A18: 2REP | B18: 220 | C18: x | E18: =100+90 -> 190 | F18: =$E$17*12 -> 48 | G18: =IF($G$16="MONTAGE",180,0) -> 180 | H18: =IF(H16="1rep",180,0)+IF(H16="2rep",220,0)+IF(H16="2rep+démontage",250,0)+IF(H16="1rep+démontage",180,0) -> 180 | I18: =IF(I16="1rep",180,0)+IF(I16="2rep",220,0)+IF(I16="2rep+démontage",250,0)+IF(I16="1rep+démontage",180,0) -> 220 | J18: =IF(J16="1rep",180,0)+IF(J16="2rep",220,0)+IF(J16="2rep+démontage",250,0)+IF(J16="1rep+démontage",180,0) -> 220 | K18: =IF(K16="1rep",180,0)+IF(K16="2rep",220,0)+IF(K16="2rep+démontage",250,0)+IF(K16="1rep+démontage",180,0) -> 180 | L18: =IF(L16="1rep",180,0)+IF(L16="2rep",220,0)+IF(L16="2rep+démontage",250,0)+IF(L16="1rep+démontage",180,0) -> 0 | M18: =IF(M16="1rep",180,0)+IF(M16="2rep",220,0)+IF(M16="2rep+demontage",250,0)+IF(M16="1rep+démontage",180,0) -> 0 | N18: =IF(N16="1rep",180,0)+IF(N16="2rep",220,0)+IF(N16="2rep+demontage",250,0)+IF(N16="1rep+démontage",180,0) -> 0 | O18: =IF(O16="1rep",180,0)+IF(O16="2rep",220,0)+IF(O16="2rep+demontage",250,0)+IF(O16="1rep+démontage",180,0) -> 0 | P18: =SUM(E18:O18) -> 1218 | Q18: BRIDIER | R18: =SUM(F21:N21) -> 60
A19: 2REP+DÉMONTAGE | B19: 250 | C19: x | F19: =$E$17*12 -> 48 | G19: =IF($G$16="montage",180,0) -> 180 | H19: =IF(H16="1rep",180,0)+IF(H16="2rep",220,0)+IF(H16="2rep+démontage",250,0)+IF(H16="1rep+démontage",180,0) -> 180 | I19: =IF(I16="1rep",180,0)+IF(I16="2rep",220,0)+IF(I16="2rep+démontage",250,0)+IF(I16="1rep+démontage",180,0) -> 220 | J19: =IF(J16="1rep",180,0)+IF(J16="2rep",220,0)+IF(J16="2rep+démontage",250,0)+IF(J16="1rep+démontage",180,0) -> 220 | K19: =IF(K16="1rep",180,0)+IF(K16="2rep",220,0)+IF(K16="2rep+démontage",250,0)+IF(K16="1rep+démontage",180,0) -> 180 | L19: =IF(L16="1rep",180,0)+IF(L16="2rep",220,0)+IF(L16="2rep+démontage",250,0)+IF(L16="1rep+démontage",180,0) -> 0 | M19: =IF(M16="1rep",180,0)+IF(M16="2rep",220,0)+IF(M16="2rep+demontage",250,0)+IF(M17="1rep+démontage",180,0) -> 0 | N19: =IF(N16="1rep",180,0)+IF(N16="2rep",220,0)+IF(N16="2rep+demontage",250,0)+IF(N17="1rep+démontage",180,0) -> 0 | O19: =IF(O16="1rep",180,0)+IF(O16="2rep",240,0)+IF(O16="2rep+demontage",270,0) -> 0 | P19: =SUM(E19:M19) -> 1028 | Q19: GAILLARD | R19: =SUM(F22:N22) -> 60
A20: 1REP+DÉMONTAGE | C20: x | D20: 90 | P20: =SUM(D20:M20) -> 90 | Q20: CHARGEMENT
C21: x | G21: =IF(G18>1,12,0) -> 12 | H21: =IF(H18>1,12,0) -> 12 | I21: =IF(I18>1,12,0) -> 12 | J21: =IF(J18>1,12,0) -> 12 | K21: =IF(K18>1,12,0) -> 12 | L21: =IF(L18>1,12,0) -> 0 | M21: =IF(M18>1,12,0) -> 0 | N21: =IF(N18>1,12,0) -> 0 | O21: BRUT TECHNIK | P21: =SUM(P18:P20) -> 2336 | R21: =SUM(R18:R20) -> 120
G22: =IF(G19>1,12,0) -> 12 | H22: =IF(H19>1,12,0) -> 12 | I22: =IF(I19>1,12,0) -> 12 | J22: =IF(J19>1,12,0) -> 12 | K22: =IF(K19>1,12,0) -> 12 | L22: =IF(L19>1,12,0) -> 0 | M22: =IF(M19>1,12,0) -> 0 | N22: =IF(N19>1,12,0) -> 0 | O22: CHARGES P | P22: =+P18*0.67+P19*0.63+P20*0.63 -> 1520.4
G25: J-1 | H25: J | I25: J+1 | J25: J+2 | K25: J+3 | L25: J+4 | M25: J+5 | N25: J+6 | O25: J+7
C26: DATES | F26: DATES | G26: L 26/03/18 | H26: M 27/03/18 | I26: M 28/03/18 | J26: J 29/03/18 | K26: V 30/03/18 | L26: =+L14 -> 0 | M26: =+M14 -> 0 | N26: =+N14 -> 0 | O26: =+O14 -> 0
A27: RACCORD | B27: 60 | C27: ARTISTES | H27: =+A28 -> RACCORD+1REP | I27: 2REP | J27: 2REP | K27: 1REP | M27: 0 | O27: 1 | P27: Total brut/pers
A28: RACCORD+1REP | B28: 190 | C28: x | G28: =IF($H$27="raccord",60,0) -> 0 | H28: =IF(H27="raccord+1rep",190,0)+IF(H27="raccord+2rep",220)+IF(H27="1rep",180,0)+IF(H27="2rep",210) -> 190 | I28: =IF(I27="raccord+1rep",190,0)+IF(I27="raccord+2rep",220)+IF(I27="1rep",180,0)+IF(I27="2rep",210) -> 210 | J28: =IF(J27="raccord+1rep",190,0)+IF(J27="raccord+2rep",220)+IF(J27="1rep",180,0)+IF(J27="2rep",210) -> 210 | K28: =IF(K27="raccord+1rep",190,0)+IF(K27="raccord+2rep",220)+IF(K27="1rep",180,0)+IF(K27="2rep",210) -> 180 | L28: =IF(L27="raccord+1rep",190,0)+IF(L27="raccord+2rep",220)+IF(L27="1rep",180,0)+IF(L27="2rep",210) -> 0 | M28: =IF(M27="raccord+1rep",190,0)+IF(M27="raccord+2rep",220)+IF(M27="1rep",180,0)+IF(M27="2rep",210) -> 0 | O28: =IF(O27="raccord+1rep",190,0)+IF(O27="raccord+2rep",220)+IF(O27="1rep",180,0)+IF(O27="2rep",210) -> 0 | P28: =SUM(G28:O28) -> 790 | Q28: CASSIGNARD | R28: =SUM(G32:N32) -> 48
A29: RACCORD+2REP | B29: 220 | C29: x | G29: =IF($H$27="raccord",60,0) -> 0 | H29: =IF(H27="raccord+1rep",190,0)+IF(H27="raccord+2rep",220)+IF(H27="1rep",180,0)+IF(H27="2rep",210) -> 190 | I29: =IF(I27="raccord+1rep",190,0)+IF(I27="raccord+2rep",220)+IF(I27="1rep",180,0)+IF(I27="2rep",210) -> 210 | J29: =IF(J27="raccord+1rep",190,0)+IF(J27="raccord+2rep",220)+IF(J27="1rep",180,0)+IF(J27="2rep",210) -> 210 | K29: =IF(K27="raccord+1rep",190,0)+IF(K27="raccord+2rep",220)+IF(K27="1rep",180,0)+IF(K27="2rep",210) -> 180 | L29: =IF(L27="raccord+1rep",190,0)+IF(L27="raccord+2rep",220)+IF(L27="1rep",180,0)+IF(L27="2rep",210) -> 0 | M29: =IF(M27="raccord+1rep",190,0)+IF(M27="raccord+2rep",220)+IF(M27="1rep",180,0)+IF(M27="2rep",210) -> 0 | O29: =IF(O27="raccord+1rep",190,0)+IF(O27="raccord+2rep",220)+IF(O27="1rep",180,0)+IF(O27="2rep",210) -> 0 | P29: =SUM(G29:O29) -> 790 | Q29: CARDIN | R29: =SUM(G33:N33) -> 48
A30: 1REP | B30: 180 | C30: x | G30: =IF($H$27="raccord",60,0) -> 0 | H30: =IF(H27="raccord+1rep",190,0)+IF(H27="raccord+2rep",220)+IF(H27="1rep",180,0)+IF(H27="2rep",210) -> 190 | I30: =IF(I27="raccord+1rep",190,0)+IF(I27="raccord+2rep",220)+IF(I27="1rep",180,0)+IF(I27="2rep",210) -> 210 | J30: =IF(J27="raccord+1rep",190,0)+IF(J27="raccord+2rep",220)+IF(J27="1rep",180,0)+IF(J27="2rep",210) -> 210 | K30: =IF(K27="raccord+1rep",190,0)+IF(K27="raccord+2rep",220)+IF(K27="1rep",180,0)+IF(K27="2rep",210) -> 180 | L30: =IF(L27="raccord+1rep",190,0)+IF(L27="raccord+2rep",220)+IF(L27="1rep",180,0)+IF(L27="2rep",210) -> 0 | M30: =IF(M27="raccord+1rep",190,0)+IF(M27="raccord+2rep",220)+IF(M27="1rep",180,0)+IF(M27="2rep",210) -> 0 | O30: =IF(O27="raccord+1rep",190,0)+IF(O27="raccord+2rep",220)+IF(O27="1rep",180,0)+IF(O27="2rep",210) -> 0 | P30: =SUM(G30:O30) -> 790 | Q30: HEURTE | R30: =SUM(G34:N34) -> 48
A31: 2REP | B31: 210 | C31: x | R31: =SUM(G35:N35) -> 0
G32: =IF(G28>1,12,0) -> 0 | H32: =IF(H28>1,12,0) -> 12 | I32: =IF(I28>1,12,0) -> 12 | J32: =IF(J28>1,12,0) -> 12 | K32: =IF(K28>1,12,0) -> 12 | L32: =IF(L28>1,12,0) -> 0 | M32: =IF(M28>1,12,0) -> 0 | N32: =IF(N28>1,12,0) -> 0 | O32: TT BRUT ART | P32: =SUM(P28:P31) -> 2370
G33: =IF(G29>1,12,0) -> 0 | H33: =IF(H29>1,12,0) -> 12 | I33: =IF(I29>1,12,0) -> 12 | J33: =IF(J29>1,12,0) -> 12 | K33: =IF(K29>1,12,0) -> 12 | L33: =IF(L29>1,12,0) -> 0 | M33: =IF(M29>1,12,0) -> 0 | N33: =IF(N29>1,12,0) -> 0 | O33: CHARGES P | P33: =+(P28+P29+P30)*0.46+P31*0.57 -> 1090.2 | R33: =SUM(R28:R32) -> 144
G34: =IF(G30>1,12,0) -> 0 | H34: =IF(H30>1,12,0) -> 12 | I34: =IF(I30>1,12,0) -> 12 | J34: =IF(J30>1,12,0) -> 12 | K34: =IF(K30>1,12,0) -> 12 | L34: =IF(L30>1,12,0) -> 0 | M34: =IF(M30>1,12,0) -> 0 | N34: =IF(N30>1,12,0) -> 0
R36: =+R33+R21 -> 264
C37: SYNTHESE
C39: COUT PLATEAU | J39: =P21+P22+P32+P33 -> 7316.6 | K39: PRIX PAR REP
C40: MARGE 0,4 | D40: 0.4 | J40: =+J39*D40 -> 2926.64
C41: PRIX MARGE - 0,4 | J41: =J39+J40 -> 10243.24 | K41: =+J41/C8 -> 1707.2067 | L41: =+D40 -> 0.4
C42: MARGE 0,3 | D42: 0.3 | J42: =+J39*D42 -> 2194.98
C43: PRIX MARGE - 0,3 | J43: =+J42+J39 -> 9511.58 | K43: =+J43/C8 -> 1585.2633 | L43: =+D42 -> 0.3
C44: PROPOSITON | K44: =J44/C8 -> 0 | L44: =+D45 -> -1
C45: MARGE REEL | D45: =(+J44/J39)-1 -> -1 | J45: =J44-J39 -> -7316.6
B48: 2) | C48: TRANSPORTS
G50: TOTAUX
B51: LOCATION CAMIONS | C51: TARIF/J | D51: JOURS | E51: TOTAL | F51: MARGE TVA | G51: =SUM(F52:F52) -> 504
B52: CAMION 2 | C52: 60 | D52: 7 | E52: =C52*D52 -> 420 | F52: =E52*1.2 -> 504
B53: ESSENCE/PEAGE | C53: KM | D53: € IK | E53: PEAGE | G53: =SUM(E54:F54) -> 136
B54: CAMION 1 | C54: 400 | D54: 0.25 | E54: 18 | F54: =+C54*D54+E54 -> 118
B55: SNCF | C55: TRAJET 1 | D55: TRAJET 2 | E55: TRAJET 3 | F55: TRAJET 4 | G55: =SUM(C57:F60) -> 270
C56: BXPOITIERS
B57: x | C57: 90
B58: x | C58: 90
B59: x
B60: x | C60: 90
B61: IK | C61: KM | D61: IK | E61: PEAGE | F61: TOTAL | G61: =SUM(F62:F64) -> 60
B62: x | D62: 0.3 | F62: =+C62*D62+E62 -> 0
B63: x | C63: 100 | D63: 0.3 | F63: =+C63*D63+E63 -> 30
B64: x | C64: 100 | D64: 0.3 | F64: =+C64*D64+E64 -> 30
B65: TRANSORTS DECOR | G65: =+G51+G53 -> 640
B66: TRANSPORT EQUIPE | G66: =+G55+G61 -> 330
B68: 3) | C68: REPAS / NUITEES
B70: REPAS DEFRAIEMENTS | M70: TOTAL PERS | O70: REPAS EN DIRECT | Z70: TOTAL PERS
C71: J-2-voyage | D71: J-X- SI SERVICE | E71: J-1 | F71: J | G71: J+1 | H71: J+2 | I71: J+3 | J71: J+4 | K71: J+5 | L71: J+6 | P71: J-2-voyage | Q71: J-X- SI SERVICE | R71: J-1 | S71: J | T71: J+1 | U71: J+2 | V71: J+3 | W71: J+4 | X71: J+5 | Y71: J+6
C72: =E16 -> RG /CH-DH DECOR | D72: =F16 -> VOYAGE (nb h) | E72: =G16 -> MONTAGE | F72: =H16 -> 1REP | G72: =I16 -> 2REP | H72: =J16 -> 2REP | I72: 1REP+DEMONT | K72: =M16 -> 0 | L72: =O16 -> 0 | P72: =R16 -> 0 | Q72: =S16 -> 0 | R72: =T16 -> 0 | S72: =U16 -> 0 | T72: =V16 -> 0 | U72: =W16 -> 0 | V72: 1REP | W72: =X16 -> 0 | X72: =Z16 -> 0 | Y72: =AB16 -> 0
B73: DATES | C73: =+E14 -> 0 | D73: =+F14 -> 0 | E73: L 26/03/18 | F73: M 27/03/18-14h | G73: M 28/03/18 scoTP | H73: J 29/03/18-2sco | I73: V 30/03/18-10h | J73: =+L14 -> 0 | K73: =+M14 -> 0 | L73: =+O14 -> 0 | O73: DATES | P73: =+R14 -> 0 | Q73: =+S14 -> 0 | R73: L 26/03/18 | S73: M 27/03/18 | T73: M 28/03/18 | U73: J 29/03/18 | V73: V 30/03/18 | W73: =+Y14 -> 0 | X73: =+Z14 -> 0 | Y73: =+AB14 -> 0
B75: x | E75: 2 | I75: 1 | M75: =SUM(C75:L75) -> 3 | O75: BRIDIER | S75: 2 | T75: 2 | U75: 2 | V75: 2 | W75: 1 | Z75: =SUM(P75:Y75) -> 9
B76: x | E76: 2 | I76: 1 | M76: =SUM(C76:L76) -> 3 | O76: GAILLARD | S76: 2 | T76: 2 | U76: 2 | V76: 2 | W76: 1 | Z76: =SUM(P76:Y76) -> 9
B77: x | E77: 1 | M77: =SUM(C77:L77) -> 1 | O77: CASSIGNARD | S77: 2 | T77: 2 | U77: 2 | V77: 1 | W77: 1 | Z77: =SUM(P77:Y77) -> 8
B78: x | E78: 1 | M78: =SUM(C78:L78) -> 1 | O78: CARDIN | S78: 2 | T78: 2 | U78: 2 | V78: 1 | W78: 1 | Z78: =SUM(P78:Y78) -> 8
B79: x | E79: 1 | M79: =SUM(C79:L79) -> 1 | O79: HEURTEBISE | S79: 2 | T79: 2 | U79: 2 | V79: 1 | W79: 1 | Z79: =SUM(P79:Y79) -> 8
B80: PROD DIFF | M80: =SUM(C80:L80) -> 0 | O80: PROD DIFF | S80: 2 | T80: 2 | U80: 2 | V80: 1 | W80: 1 | Z80: =SUM(P80:Y80) -> 8
M81: =SUM(C81:L81) -> 0 | Z81: =SUM(P81:Y81) -> 0
B82: TOTAL JOUR | C82: =SUM(C75:C81) -> 0 | D82: =SUM(D75:D81) -> 0 | E82: =SUM(E75:E81) -> 7 | F82: =SUM(F75:F81) -> 0 | G82: =SUM(G75:G81) -> 0 | H82: =SUM(H75:H81) -> 0 | I82: =SUM(I75:I81) -> 2 | J82: =SUM(J75:J81) -> 0 | ... L82: =SUM(L75:L81) -> 0 | O82: TOTAL JOUR | P82: =SUM(P75:P81) -> 0 | Q82: =SUM(Q75:Q81) -> 0 | R82: =SUM(R75:R81) -> 0 | S82: =SUM(S75:S81) -> 12 | T82: =SUM(T75:T81) -> 12 | U82: =SUM(U75:U81) -> 12 | V82: =SUM(V75:V81) -> 8 | W82: =SUM(W75:W81) -> 6 | ... Y82: =SUM(Y75:Y81) -> 0
B83: TOTAL | L83: =SUM(L75:L81) -> 0 | M83: =SUM(M75:M81) -> 9 | O83: TOTAL | Y83: =SUM(Y75:Y81) -> 0 | Z83: =SUM(Z75:Z81) -> 50
B84: NUITÉES
C85: =+C71 -> J-2-voyage | D85: =+D71 -> J-X- SI SERVICE | E85: =+E71 -> J-1 | F85: =+F71 -> J | G85: =+G71 -> J+1 | H85: =+H71 -> J+2 | I85: =+I71 -> J+3 | J85: =+J71 -> J+4 | ... L85: =+L71 -> J+6 | M85: TOTAL PERS
C86: =C72 -> RG /CH-DH DECOR | D86: =D72 -> VOYAGE (nb h) | E86: =E72 -> MONTAGE | F86: =F72 -> 1REP | G86: =G72 -> 2REP | H86: =H72 -> 2REP | I86: =I72 -> 1REP+DEMONT | J86: =J72 -> 0 | ... M86: =M72 -> 0
B87: DATES | C87: =+C73 -> 0 | D87: =+D73 -> 0 | E87: L 26/03/18 | F87: M 27/03/18 | G87: M 28/03/18 | H87: J 29/03/18 | I87: V 30/03/18 | J87: =+J73 -> 0 | K87: =+K73 -> 0 | L87: =+L73 -> 0
B88: x | C88: 1 | E88: 1 | F88: 1 | G88: 1 | H88: 1 | M88: =SUM(C88:L88) -> 5
B89: x | C89: 1 | E89: 1 | F89: 1 | G89: 1 | H89: 1 | M89: =SUM(C89:L89) -> 5
B90: x | E90: 1 | F90: 1 | G90: 1 | H90: 1 | M90: =SUM(C90:L90) -> 4
B91: x | E91: 1 | F91: 1 | G91: 1 | H91: 1 | M91: =SUM(C91:L91) -> 4
B92: x | M92: =SUM(C92:L92) -> 0
B93: x | F93: 1 | G93: 1 | H93: 1 | M93: =SUM(C93:L93) -> 3
B94: TOTAL JOUR | C94: =SUM(C88:C93) -> 2 | D94: =SUM(D88:D93) -> 0 | E94: =SUM(E88:E93) -> 4 | F94: =SUM(F88:F93) -> 5 | G94: =SUM(G88:G93) -> 5 | H94: =SUM(H88:H93) -> 5 | I94: =SUM(I88:I93) -> 0 | J94: =SUM(J88:J93) -> 0 | ... L94: =SUM(L88:L93) -> 0
B95: TOTAL | L95: =SUM(L88:L94) -> 0 | M95: =SUM(M88:M94) -> 21
L96: def CONV COLL | M96: 18.4
B99: Cession | D99: =+J44 -> 0
B100: Transports décors | D100: =+G65 -> 640
B101: transport équipe | D101: =+G66 -> 330
B102: Défraiements repas | D102: =+M83 -> 9
B103: Défraiements repas - Prise en charge directe
B105: chambres singles | C105: =+'[1]TAB DEVIS TDN'!K200 -> #REF! | D105: =+M95 -> 21
B113: MASSE SALARIALE | D113: NB H | E113: PRODUITS | G113: MARGE | H113: TVA | I113: REP
B114: A
B115: ARTISTE | C115: =P32 -> 2370 | D115: =+R33 -> 144 | E115: CESSION | F115: =J44 -> 0 | G115: =J45 -> -7316.6 | H115: =(F115+F116)*0.055 -> #REF! | I115: SCOLAIRE | J115: =+D9 -> 5
B116: dont MES | C116: =+P30 -> 790 | D116: =+R30 -> 48 | E116: ACTIVITE ANNEXES | F116: =#REF!+#REF!+(M95*M96) -> #REF! | G116: =D45 -> -1 | I116: TT PUBLIC | J116: =+D10 -> 1
B117: TEK | C117: =P21 -> 2336 | D117: =+R21 -> 120 | E117: dont T.Décor | F117: =+#REF! -> #REF!
B118: CHARGES P | C118: =P22+P33 -> 2610.6 | E118: dont T.équipe | F118: =+#REF! -> #REF!
E119: dont Hébgmt | F119: =('[2]TAB DEVIS PDR TDN'!O191*65) -> #REF!
E120: dont repas | F120: =M95*M96 -> 386.4

Sheet DEVIS SN
A5: Direction BETTY HEURTEBISE
A7: BORDEAUX, le | B7: 43061
A9: DEVIS - CESSION | C9: =+'TAB SN'!C5 -> x
A10: THEATRE | C10: =+'TAB SN'!C6 -> x
A11: PERIODE | C11: Du 27 au 30/03/2018
A12: NOMBRE DE REPRESENTATIONS | C12: =+'TAB SN'!C8 -> 6
A14: Cession | C14: =+'TAB SN'!D99 -> 0 | D14: HT
A15: Transports décors | C15: =+'TAB SN'!D100 -> 640 | D15: HT
A16: transport équipe | C16: =+'TAB SN'!D101 -> 330 | D16: HT
A17: Défraiements repas | B17: =+'TAB SN'!D102 -> 9 | C17: =+B17*18.4 -> 165.6 | D17: HT
A18: Défraiements repas - Prise en charge directe | C18: 50 repas
A20: chambres singles | C20: =+'TAB SN'!M95 -> 21
A22: TOTAL HT (hors nuitées) | C22: =C14+C15+C16+C17 -> 1135.6 | D22: HT
A23: TOTAL TTC (hors nuitées) - TVA 5,5% | C23: =C22*1.055 -> 1198.058 | D23: TTC
A27: Equipe composée de : | C27: 2 techniciens (lumières/vidéo, son, plateau)
C28: 2 comédiens
C29: 1 metteur en scène
C30: 1 chargé(e) de production / diffusion
A32: Arrivées : | C32: Techniciens et décors | D32: J-1
C33: Comédiens et metteur en scène | D33: J-1
C34: Chargé(e) de production / diffusion | D34: J
A36: Devis établi selon le calendrier suivant :
A37: L 26/03/2018 | B37: Montage (2 serv)
A38: M 27/03/2018 | B38: 1 serv mont + 1 rep 14H
A39: M 28/03/2018 | B39: 2 rep (1 scol + 1 TP)
A40: J 29/03/2018 | B40: 2 rep (2 scol)
A41: V 30/03/2018 | B41: 1 rep 10H et démontage
A43: Frais annexes calculés sur la base de la Convention collective nationale des entreprises artisitiques et culturelles.
A45: Contact diffusion | C45: CELINE VAUCENAT
C46: celine.vaucenat@lapetitefabrique.org
C47: tel : 06 12 17 07 65

Sheet TABXX
B2: 1) | C2: COUT PLATEAU
B5: SPECTACLE | C5: X
B6: LIEU | C6: X
B7: PERIODE | C7: X | E7: année | F7: 2018
B8: NB REP | C8: X
C9: Dont SCO | D9: 2
C10: Dont TP | D10: 1
E13: VOYAGE J-2 | F13: J-2 | G13: J-1 | H13: J | I13: J | J13: J+1 | K13: J+2 | L13: J+3 | M13: J+4 | N13: J+5 | O13: J+6
C14: DATES | G14: 43171 | H14: 43172 | I14: 43173 | J14: 43174 | K14: 43175 | L14: 43176 | M14: 43177
C15: JOUR | G15: lundi | H15: mardi | I15: mercredi | J15: jeudi | K15: vendredi
A16: MONTAGE | B16: 180 | C16: TEK | D16: RG + CH | G16: MONTAGE | H16: 2rep | I16: 1rep | M16: 0 | P16: Total brut/pers
A17: 1REP | B17: 180 | E17: 1.5 | R17: NB H
A18: 2REP | B18: 220 | C18: X | D18: =100+90 -> 190 | E18: =$E$17*12 -> 18 | F18: =IF($G$16="1SERVICE",90,0) -> 0 | G18: =IF($G$16="MONTAGE",180,0) -> 180 | H18: =IF(H16="1rep",180,0)+IF(H16="2rep",220,0)+IF(H16="2rep+demontage",250,0)+IF(H16="1rep+démontage",180,0) -> 220 | I18: =IF(I16="1rep",180,0)+IF(I16="2rep",220,0)+IF(I16="2rep+demontage",250,0)+IF(I16="1rep+démontage",180,0) -> 180 | J18: =IF(J16="1rep",180,0)+IF(J16="2rep",220,0)+IF(J16="2rep+demontage",250,0)+IF(J16="1rep+démontage",180,0) -> 0 | K18: =IF(K16="1rep",180,0)+IF(K16="2rep",220,0)+IF(K16="2rep+demontage",250,0)+IF(K16="1rep+démontage",180,0) -> 0 | L18: =IF(L16="1rep",180,0)+IF(L16="2rep",220,0)+IF(L16="2rep+demontage",250,0)+IF(L16="1rep+démontage",180,0) -> 0 | M18: =IF(M16="1rep",180,0)+IF(M16="2rep",220,0)+IF(M16="2rep+demontage",250,0)+IF(M16="1rep+démontage",180,0) -> 0 | N18: =IF(N16="1rep",180,0)+IF(N16="2rep",220,0)+IF(N16="2rep+demontage",250,0)+IF(N16="1rep+démontage",180,0) -> 0 | O18: =IF(O16="1rep",180,0)+IF(O16="2rep",220,0)+IF(O16="2rep+demontage",250,0)+IF(O16="1rep+démontage",180,0) -> 0 | P18: =SUM(D18:O18) -> 788 | Q18: BRIDIER | R18: =SUM(F21:N21) -> 36
A19: 2REP+DEMONTAGE | B19: 250 | C19: X | E19: =$E$17*12 -> 18 | F19: =IF($G$16="1SERVICE",90,0) -> 0 | G19: =IF($G$16="montage",180,0) -> 180 | H19: =IF(H16="1rep",180,0)+IF(H16="2rep",220,0)+IF(H16="2rep+demontage",250,0)+IF(H17="1rep+démontage",180,0) -> 220 | I19: =IF(I16="1rep",180,0)+IF(I16="2rep",220,0)+IF(I16="2rep+demontage",250,0)+IF(I17="1rep+démontage",180,0) -> 180 | J19: =IF(J16="1rep",180,0)+IF(J16="2rep",220,0)+IF(J16="2rep+demontage",250,0)+IF(J17="1rep+démontage",180,0) -> 0 | K19: =IF(K16="1rep",180,0)+IF(K16="2rep",220,0)+IF(K16="2rep+demontage",250,0)+IF(K17="1rep+démontage",180,0) -> 0 | L19: =IF(L16="1rep",180,0)+IF(L16="2rep",220,0)+IF(L16="2rep+demontage",250,0)+IF(L17="1rep+démontage",180,0) -> 0 | M19: =IF(M16="1rep",180,0)+IF(M16="2rep",220,0)+IF(M16="2rep+demontage",250,0)+IF(M17="1rep+démontage",180,0) -> 0 | N19: =IF(N16="1rep",180,0)+IF(N16="2rep",220,0)+IF(N16="2rep+demontage",250,0)+IF(N17="1rep+démontage",180,0) -> 0 | O19: =IF(O17="1rep",180,0)+IF(O17="2rep",220,0)+IF(O17="2rep+demontage",250,0)+IF(O17="1rep+démontage",180,0) -> 0 | P19: =SUM(D19:M19) -> 598 | Q19: GAILLARD | R19: =SUM(F22:N22) -> 36
A20: 1REP+DEMONTAGE | C20: X | D20: 90 | P20: =SUM(D20:M20) -> 90 | Q20: CHARGEMENT
G21: =IF(G18>1,12,0) -> 12 | H21: =IF(H18>1,12,0) -> 12 | I21: =IF(I18>1,12,0) -> 12 | J21: =IF(J18>1,12,0) -> 0 | K21: =IF(K18>1,12,0) -> 0 | L21: =IF(L18>1,12,0) -> 0 | M21: =IF(M18>1,12,0) -> 0 | N21: =IF(N18>1,12,0) -> 0 | O21: BRUT TECHNIK | P21: =SUM(P18:P20) -> 1476 | R21: =SUM(R18:R20) -> 72
G22: =IF(G19>1,12,0) -> 12 | H22: =IF(H19>1,12,0) -> 12 | I22: =IF(I19>1,12,0) -> 12 | J22: =IF(J19>1,12,0) -> 0 | K22: =IF(K19>1,12,0) -> 0 | L22: =IF(L19>1,12,0) -> 0 | M22: =IF(M19>1,12,0) -> 0 | N22: =IF(N19>1,12,0) -> 0 | O22: CHARGES P | P22: =+P18*0.67+P19*0.63+P20*0.63 -> 961.4
G25: J-1 | H25: J | I25: J+1 | J25: J+2 | K25: J+3 | L25: J+4 | M25: J+5 | N25: J+6 | O25: J+7
C26: DATES | F26: DATES | G26: =+G14 -> 43171 | H26: 43171 | I26: =+I14 -> 43173 | J26: =+J14 -> 43174 | K26: =+K14 -> 43175 | L26: =+L14 -> 43176 | M26: =+M14 -> 43177 | N26: =+N14 -> 0 | O26: =+O14 -> 0
A27: RACCORD | B27: 60 | C27: ARTISTES | H27: 2rep | I27: 1rep | O27: 1 | P27: Total brut/pers
A28: RACCORD+1REP | B28: 190 | C28: X | G28: =IF($H$27="raccord",60,0) -> 0 | H28: =IF(H27="raccord+1rep",190,0)+IF(H27="raccord+2rep",220)+IF(H27="1rep",180,0)+IF(H27="2rep",210) -> 210 | I28: =IF(I27="raccord+1rep",190,0)+IF(I27="raccord+2rep",220)+IF(I27="1rep",180,0)+IF(I27="2rep",210) -> 180 | J28: =IF(J27="raccord+1rep",190,0)+IF(J27="raccord+2rep",220)+IF(J27="1rep",180,0)+IF(J27="2rep",210) -> 0 | K28: =IF(K27="raccord+1rep",190,0)+IF(K27="raccord+2rep",220)+IF(K27="1rep",180,0)+IF(K27="2rep",210) -> 0 | L28: =IF(L27="raccord+1rep",190,0)+IF(L27="raccord+2rep",220)+IF(L27="1rep",180,0)+IF(L27="2rep",210) -> 0 | M28: =IF(M27="raccord+1rep",190,0)+IF(M27="raccord+2rep",220)+IF(M27="1rep",180,0)+IF(M27="2rep",210) -> 0 | P28: =SUM(G28:O28) -> 390 | Q28: CASSIGNARD | R28: =SUM(G32:N32) -> 24
A29: RACCORD+2REP | B29: 220 | C29: X | G29: =IF($H$27="raccord",60,0) -> 0 | H29: =IF(H27="raccord+1rep",190,0)+IF(H27="raccord+2rep",220)+IF(H27="1rep",180,0)+IF(H27="2rep",210) -> 210 | I29: =IF(I27="raccord+1rep",190,0)+IF(I27="raccord+2rep",220)+IF(I27="1rep",180,0)+IF(I27="2rep",210) -> 180 | J29: =IF(J27="raccord+1rep",190,0)+IF(J27="raccord+2rep",220)+IF(J27="1rep",180,0)+IF(J27="2rep",210) -> 0 | K29: =IF(K27="raccord+1rep",190,0)+IF(K27="raccord+2rep",220)+IF(K27="1rep",180,0)+IF(K27="2rep",210) -> 0 | L29: =IF(L27="raccord+1rep",190,0)+IF(L27="raccord+2rep",220)+IF(L27="1rep",180,0)+IF(L27="2rep",210) -> 0 | M29: =IF(M27="raccord+1rep",190,0)+IF(M27="raccord+2rep",220)+IF(M27="1rep",180,0)+IF(M27="2rep",210) -> 0 | P29: =SUM(G29:O29) -> 390 | Q29: CARDIN | R29: =SUM(G33:N33) -> 24
A30: 1REP | B30: 180 | C30: X | G30: =IF($H$27="raccord",60,0) -> 0 | H30: =IF(H27="raccord+1rep",190,0)+IF(H27="raccord+2rep",220)+IF(H27="1rep",180,0)+IF(H27="2rep",210) -> 210 | I30: =IF(I27="raccord+1rep",190,0)+IF(I27="raccord+2rep",220)+IF(I27="1rep",180,0)+IF(I27="2rep",210) -> 180 | J30: =IF(J27="raccord+1rep",190,0)+IF(J27="raccord+2rep",220)+IF(J27="1rep",180,0)+IF(J27="2rep",210) -> 0 | K30: =IF(K27="raccord+1rep",190,0)+IF(K27="raccord+2rep",220)+IF(K27="1rep",180,0)+IF(K27="2rep",210) -> 0 | L30: =IF(L27="raccord+1rep",190,0)+IF(L27="raccord+2rep",220)+IF(L27="1rep",180,0)+IF(L27="2rep",210) -> 0 | M30: =IF(M27="raccord+1rep",190,0)+IF(M27="raccord+2rep",220)+IF(M27="1rep",180,0)+IF(M27="2rep",210) -> 0 | P30: =SUM(G30:O30) -> 390 | Q30: HEURTE | R30: =SUM(G34:N34) -> 24
A31: 2REP | B31: 210 | R31: =SUM(G35:N35) -> 0
G32: =IF(G28>1,12,0) -> 0 | H32: =IF(H28>1,12,0) -> 12 | I32: =IF(I28>1,12,0) -> 12 | J32: =IF(J28>1,12,0) -> 0 | K32: =IF(K28>1,12,0) -> 0 | L32: =IF(L28>1,12,0) -> 0 | M32: =IF(M28>1,12,0) -> 0 | N32: =IF(N28>1,12,0) -> 0 | O32: TT BRUT ART | P32: =SUM(P28:P31) -> 1170
G33: =IF(G29>1,12,0) -> 0 | H33: =IF(H29>1,12,0) -> 12 | I33: =IF(I29>1,12,0) -> 12 | J33: =IF(J29>1,12,0) -> 0 | K33: =IF(K29>1,12,0) -> 0 | L33: =IF(L29>1,12,0) -> 0 | M33: =IF(M29>1,12,0) -> 0 | N33: =IF(N29>1,12,0) -> 0 | O33: CHARGES P | P33: =+(P28+P29+P30)*0.46+P31*0.57 -> 538.2 | R33: =SUM(R28:R32) -> 72
G34: =IF(G30>1,12,0) -> 0 | H34: =IF(H30>1,12,0) -> 12 | I34: =IF(I30>1,12,0) -> 12 | J34: =IF(J30>1,12,0) -> 0 | K34: =IF(K30>1,12,0) -> 0 | L34: =IF(L30>1,12,0) -> 0 | M34: =IF(M30>1,12,0) -> 0 | N34: =IF(N30>1,12,0) -> 0
R36: =+R33+R21 -> 144
C37: SYNTHESE
C39: COUT PLATEAU | J39: =P21+P22+P32+P33 -> 4145.6 | K39: PRIX PAR REP | M39: 3 REP : 5800
C40: MARGE 0,4 | D40: 0.4 | J40: =+J39*D40 -> 1658.24 | M40: 4 REP : 6300
C41: PRIX MARGE - 0,4 | J41: =J39+J40 -> 5803.84 | K41: =+J41/C8 -> #VALUE! | L41: =+D40 -> 0.4
C42: MARGE 0,3 | D42: 0.3 | J42: =+J39*D42 -> 1243.68
C43: PRIX MARGE - 0,3 | J43: =+J42+J39 -> 5389.28 | K43: =+J43/C8 -> #VALUE! | L43: =+D42 -> 0.3
C44: PROPOSITON | J44: 5800 | K44: =+J44/C8 -> #VALUE! | L44: =+D45 -> 0.39907372
C45: MARGE REEL | D45: =(+J44/J39)-1 -> 0.39907372 | J45: =J44-J39 -> 1654.4
B48: 2) | C48: TRANSPORTS
G50: TOTAUX
B51: LOCATION CAMIONS | C51: TARIF/J | D51: JOURS | E51: TOTAL | F51: MARGE TVA | G51: =SUM(F52:F52) -> 0
B52: CAMION 2 | C52: 60 | E52: =C52*D52 -> 0 | F52: =E52*1.2 -> 0
B53: ESSENCE/PEAGE | C53: KM | D53: € IK | E53: PEAGE | G53: =SUM(E54:F54) -> 0
B54: CAMION 1 | D54: 0.25 | F54: =+C54*D54+E54 -> 0
B55: SNCF | C55: TRAJET 1 | D55: TRAJET 2 | E55: TRAJET 3 | F55: TRAJET 4 | G55: =SUM(C57:F60) -> 0
B57: X
B58: X
B59: X
B60: X
B61: IK | C61: KM | D61: IK | E61: PEAGE | F61: TOTAL | G61: =SUM(F62:F64) -> 0
B62: HEURTEBISE | D62: 0.3 | F62: =+C62*D62+E62 -> 0
B63: GAILLARD | D63: 0.3 | F63: =+C63*D63+E63 -> 0
B64: BRIDIER | D64: 0.3 | F64: =+C64*D64+E64 -> 0
B65: TRANSORTS DECOR | G65: =+G51+G53 -> 0
B66: TRANSPORT EQUIPE | G66: =+G55+G61 -> 0
B67: GAILLARD | D67: 0.4 | F67: =+C67*D67+E67 -> 0
B68: BRIDIER | D68: 0.4 | F68: =+C68*D68+E68 -> 0
B69: TRANSORTS DECOR | G69: =+G51+G54 -> 0
B70: TRANSPORT EQUIPE | G70: =+G55+G61 -> 0
B72: 3) | C72: REPAS / NUITEES
B74: REPAS | M74: TOTAL PERS
C75: J-2-voyage | D75: J-X- SI SERVICE | E75: J-1 | F75: J | G75: J+1 | H75: J+2 | I75: J+3 | J75: J+4 | K75: J+5 | L75: J+6
C76: =E16 -> 0 | D76: =F16 -> 0 | E76: =G16 -> MONTAGE | F76: =H16 -> 2rep | G76: =I16 -> 1rep | H76: =J16 -> 0 | I76: =K16 -> 0 | J76: =L16 -> 0 | K76: =M16 -> 0 | L76: =O16 -> 0
B77: DATES | C77: =+E14 -> 0 | D77: =+F14 -> 0 | E77: =+G14 -> 43171 | F77: =+H14 -> 43172 | G77: =+I14 -> 43173 | H77: =+J14 -> 43174 | I77: =+K14 -> 43175 | J77: =+L14 -> 43176 | K77: =+M14 -> 43177 | L77: =+O14 -> 0
B79: X | M79: =SUM(C79:L79) -> 0
B80: X | M80: =SUM(C80:L80) -> 0
B81: X | M81: =SUM(C81:L81) -> 0
B82: X | M82: =SUM(C82:L82) -> 0
B83: X | M83: =SUM(C83:L83) -> 0
B84: X | M84: =SUM(C84:L84) -> 0
M85: =SUM(C85:L85) -> 0
B86: TOTAL JOUR | C86: =SUM(C79:C85) -> 0 | D86: =SUM(D79:D85) -> 0 | E86: =SUM(E79:E85) -> 0 | F86: =SUM(F79:F85) -> 0 | G86: =SUM(G79:G85) -> 0 | H86: =SUM(H79:H85) -> 0 | I86: =SUM(I79:I85) -> 0 | J86: =SUM(J79:J85) -> 0 | ... L86: =SUM(L79:L85) -> 0
B87: TOTAL | L87: =SUM(L79:L85) -> 0 | M87: =SUM(M79:M85) -> 0
B88: NUITÉES
C89: =+C75 -> J-2-voyage | D89: =+D75 -> J-X- SI SERVICE | E89: =+E75 -> J-1 | F89: =+F75 -> J | G89: =+G75 -> J+1 | H89: =+H75 -> J+2 | I89: =+I75 -> J+3 | J89: =+J75 -> J+4 | ... L89: =+L75 -> J+6 | M89: TOTAL PERS
C90: =C76 -> 0 | D90: =D76 -> 0 | E90: =E76 -> MONTAGE | F90: =F76 -> 2rep | G90: =G76 -> 1rep | H90: =H76 -> 0 | I90: =I76 -> 0 | J90: =J76 -> 0 | ... M90: =M76 -> 0
B91: DATES | C91: =+C77 -> 0 | D91: =+D77 -> 0 | E91: =+E77 -> 43171 | F91: =+F77 -> 43172 | G91: =+G77 -> 43173 | H91: =+H77 -> 43174 | I91: =+I77 -> 43175 | J91: =+J77 -> 43176 | ... L91: =+L77 -> 0
B92: X | M92: =SUM(C92:L92) -> 0
B93: X | M93: =SUM(C93:L93) -> 0
B94: X | M94: =SUM(C94:L94) -> 0
B95: X | M95: =SUM(C95:L95) -> 0
B96: XX | M96: =SUM(C96:L96) -> 0
B97: X | M97: =SUM(C97:L97) -> 0
B98: TOTAL JOUR | C98: =SUM(C92:C97) -> 0 | D98: =SUM(D92:D97) -> 0 | E98: =SUM(E92:E97) -> 0 | F98: =SUM(F92:F97) -> 0 | G98: =SUM(G92:G97) -> 0 | H98: =SUM(H92:H97) -> 0 | I98: =SUM(I92:I97) -> 0 | J98: =SUM(J92:J97) -> 0 | ... L98: =SUM(L92:L97) -> 0
B99: TOTAL | L99: =SUM(L92:L98) -> 0 | M99: =SUM(M92:M98) -> 0
L100: def CONV COLL | M100: 18.1
B106: Cession | D106: =+J44 -> 5800
B107: Transports décors | D107: =+G69 -> 0
B108: transport équipe | D108: =+G70 -> 0
B109: Défraiements repas | D109: =+M87 -> 0
B110: Défraiements repas - Prise en charge directe
B112: chambres singles | C112: =+'[1]TAB DEVIS TDN'!K200 -> #REF! | D112: =+M87 -> 0
B113: MASSE SALARIALE | D113: NB H | E113: PRODUITS | G113: MARGE | H113: TVA | I113: REP
B114: B
B115: ARTISTE | C115: =P32 -> 1170 | D115: =+R33 -> 72 | E115: CESSION | F115: =J44 -> 5800 | G115: =J45 -> 1654.4 | H115: =(F115+F116)*0.055 -> 319 | I115: SCOLAIRE | J115: =+D9 -> 2
B116: dont MES | C116: =P30 -> 390 | D116: =+R31 -> 0 | E116: ACTIVITE ANNEXES | F116: =G69+G70+(M99*M100) -> 0 | G116: =D45 -> 0.39907372 | I116: TT PUBLIC | J116: =+D10 -> 1
B117: TEK | C117: =P21 -> 1476 | D117: =+R21 -> 72 | E117: dont T.Décor | F117: =+G69 -> 0
B118: CHARGES P | C118: =P22+P33 -> 1499.6 | E118: dont T.équipe | F118: =+G70 -> 0
E119: dont Hébgmt | F119: =('[2]TAB DEVIS PDR TDN'!O191*65) -> #REF!
E120: dont repas | F120: =M99*M100 -> 0

Sheet DEVISXX
A5: Direction BETTY HEURTEBISE
A7: BORDEAUX, le | B7: 43174
A9: DEVIS - CESSION | C9: =+TABXX!C5 -> X
A10: THEATRE | C10: =+TABXX!C6 -> X
A11: PERIODE | C11: =+TABXX!C7 -> X
A12: NOMBRE DE REPRESENTATIONS | C12: =+TABXX!C8 -> X
A14: Cession | C14: =+TABXX!D106 -> 5800 | D14: HT
A15: Transports décors | C15: =+TABXX!D107 -> 0 | D15: HT
A16: transport équipe | C16: =+TABXX!D108 -> 0 | D16: HT
A17: Défraiements repas | C17: =+B17*18.1 -> 0 | D17: HT
A18: Défraiements repas - Prise en charge directe | C18: 38
A20: chambres singles | C20: =+TABXX!M99 -> 0
A22: TOTAL HT (hors nuitées) | C22: =C14+C15+C16+C17 -> 5800 | D22: HT
A23: TOTAL TTC (hors nuitées) - TVA 5,5% | C23: =C22*1.055 -> 6119 | D23: TTC
A27: Equipe composée de : | C27: 3 techniciens (lumières/vidéo, son, plateau)
C28: 2 comédiens
C29: 1 metteur en scène
C30: 1 chargé(e) de production / diffusion
A32: Arrivées : | C32: Techniciens et décors | D32: J-2 soir
C33: Comédiens et metteur en scène | D33: J-1 soir
C34: Chargé(e) de production / diffusion | D34: J
A36: Frais annexes calculés sur la base de la Convention collective nationale des entreprises artisitiques et culturelles.
A38: Devis établi selon le calendrier suiviant :
B39: Montage
B40: 1 scolaire + 1 TP
B41: 1 scolaires
A44: Contact diffusion

Sheet SYNTHESE
B1: tu choisis | M1: TAB 2R
A2: choix de l'année | B2: 2018 | C2: =SUMPRODUCT(COUNTIF(INDIRECT("'"&M1:M3&"'!f7"),B2)) -> 2 | D2: pas touche | M2: TAB SN
M3: TABXX
A4: MASSE SALARIALE | C4: moyenne | D4: PRODUITS | F4: MARGE | G4: TVA | H4: REP
E5: - €
A6: ARTISTE | B6: =SUMPRODUCT(SUMIF(INDIRECT("'"&M1:M3&"'!f7"),B2,INDIRECT("'"&M1:M3&"'!c115"))) -> 1980 | C6: =B6/C2 -> 990 | D6: CESSION | F6: =+'[3]TAB DRM TERRASSON 2R'!G114+'[3]TAB DRM SCENES NOMADES'!G110+'[3]TAB ANGOULEME'!G114+'[3]TAB C+C'!G114+'[3]TAB MARCHEPRIME'!G114+'[3]TAB THOUARS'!G114+'[3]TAB PESSAC'!G114+'[3]TAB NANTERRE'!G110+'[3]TAB EVREUX 6 REP'!G101 -> 0 | G6: 0 | H6: SCO
A7: dont MES | D7: ++ | G7: 0 | H7: TP
A8: TEK | D8: dont T.Décor
A9: CHARGES P | D9: dont T.équipe
C10: 0 | D10: dont Hébgmt
C11: 0 | D11: dont repas
A12: TT | G12: - € | I12: =+I6+I7 -> 0
F13: 0
B15: j'ai fait pour sommer les C115 ; la moyenne est cette somme divisée par le nb fois l'année selon choix

Sheet FIN 
